 Dungeon Crawl Stone Soup version 0.19.0-11-g3fc08b3 (webtiles) character file.

149 Jerry the Charmwright (level 5, -7/26 HPs)
             Began as a Vine Stalker Skald on Nov 8, 2016.
             Mangled by an ogre
             ... wielding a cursed -1 giant spiked club
              (16 damage)
             ... on level 4 of the Dungeon.
             The game lasted 00:13:19 (2995 turns).

Jerry the Charmwright (Vine Stalker Skald)          Turns: 2995, Time: 00:13:19

Health: -7/26      AC:  5    Str: 16    XL:     5   Next: 31%
Magic:  0/9        EV: 11    Int: 12    God:
Gold:   135        SH:  0    Dex: 16    Spells: 3 memorised, 2 levels left

rFire  . . .     SeeInvis .     a - +0 short sword
rCold  . . .     Gourm    .     b - +0 leather armour
rNeg   . . .     Faith    .     (no shield)
rPois  .         Spirit   +     i - +1 hat
rElec  .         Reflect  .     (no cloak)
rCorr  .         Harm     .     j - +0 pair of gloves
MR     .....                    (no boots)
Stlth  +.........               (no amulet)
                                (no ring)
                                f - +3 ring of dexterity

@: infused
A: fangs 2, regeneration 1, magic shield, antimagic bite, no device heal 3, rot
immunity
a: no special abilities


You were on level 4 of the Dungeon.
You were not hungry.

You visited 1 branch of the dungeon, and saw 4 of its levels.

You collected 135 gold pieces.

Inventory:

Hand Weapons
 a - a +0 short sword (weapon)
Missiles
 q - 5 tomahawks (quivered)
Armour
 b - a +0 leather armour (worn)
 i - a +1 hat (worn)
 j - a +0 pair of gloves (worn)
Jewellery
 f - a +3 ring of dexterity (left hand)
Scrolls
 k - 3 scrolls of teleportation
 m - 4 scrolls of identify {unknown}
 o - a scroll of immolation {unknown}
 s - a scroll of fear
Potions
 e - a potion of curing {unknown}
 l - a potion of agility {unknown}
 p - a potion of haste {unknown}
 r - a potion of heal wounds {unknown}
Books
 c - a book of Battle

   Spells                             Type                      Level
   a - Infusion                       Charms                       1
   b - Shroud of Golubria             Charms/Translocation         2
   c - Song of Slaying                Charms                       2
   d - Spectral Weapon                Hexes/Charms                 3
   e - Regeneration                   Charms/Necromancy            3
Comestibles
 d - 5 bread rations
 g - 2 slices of pizza
 h - 4 fruits
 n - 3 meat rations
 t - a chunk of flesh


   Skills:
 - Level 2.0 Fighting
 - Level 2.5 Short Blades
 + Level 2.4 Armour
 - Level 1.1 Dodging
 - Level 2.1 Spellcasting
 - Level 4.0 Charms
 + Level 1.1 Necromancy


You had 2 spell levels left.
You knew the following spells:

 Your Spells              Type           Power        Failure   Level  Hunger
a - Infusion              Chrm           ##..         8%          1    ##.....
b - Song of Slaying       Chrm           ##......     12%         2    ###....
c - Regeneration          Chrm/Necr      #.........   34%         3    ####...


Dungeon Overview and Level Annotations

Branches:
Dungeon (4/15)
 Temple: D:4-7

Altars:
Gozag
Trog

Annotations:
D:2 Terence


Innate Abilities, Weirdness & Mutations

You have extremely sharp teeth.
Your natural rate of healing is unusually fast.
When hurt, damage is shared between your health and your magic reserves.
Your bite disrupts and absorbs the magic of your enemies.
Potions and wands cannot restore your health.
You are immune to rotting.


Message History

Throwing (i - inventory):
q - 7 tomahawks (quivered)
Press: ? - help, Shift-Dir - straight line, f - ogre
Aim: an ogre, wielding a giant spiked club You throw a tomahawk.
The tomahawk barely misses the ogre.
Throwing (i - inventory):
q - 6 tomahawks (quivered)
Press: ? - help, Shift-Dir - straight line, f/p - ogre
Aim: an ogre, wielding a giant spiked club You throw a tomahawk.
The tomahawk barely misses the ogre.
The ogre closely misses you.
You hit the ogre.
The ogre is lightly wounded.
You hit the ogre!
The ogre is heavily wounded.
The ogre hits you with a giant spiked club!!
Ouch! That really hurt!
You hit the ogre. Your bite misses the ogre.
The ogre is severely wounded.
The ogre hits you with a giant spiked club!
Ouch! That really hurt!
You die...

##### ..)) #..# #..# #
#..# .. #. #######..#
##
#.#.##<...#...##.#####.
#.............#@.......
#............O.......
####.##....(.(.###..$
##.####.####(# #
####...###)# .#
#<.......... .#
#.##...###.## ##
#.###.## #.# #.# #.# .#


You could see an ogre.

Vanquished Creatures
  Robin (D:3)
  5 adders
  2 oozes
  A worm (D:3)
  2 dart slugs
  2 leopard geckos (D:1)
  An orc (D:3)
  8 bats
  5 giant cockroaches
  7 hobgoblins
  6 jackals
  2 quokkas
  4 frilled lizards
  14 goblins
  7 kobolds
  4 rats
71 creatures vanquished.

Vanquished Creatures (others)
  A wizard (D:3)
1 creature vanquished.

Grand Total: 72 creatures vanquished

Notes
Turn   | Place    | Note
-------+----------+-------------------------------------------
     0 | D:1      | Jerry the Vine Stalker Skald began the quest for the Orb.
     0 | D:1      | Reached XP level 1. HP: 11/11 MP: 4/4
    73 | D:1      | Reached skill level 1 in Armour
   108 | D:1      | Reached skill level 1 in Dodging
   292 | D:1      | Reached XP level 2. HP: 15/15 MP: 6/6
   911 | D:2      | Reached XP level 3. HP: 14/18 MP: 3/7
   990 | D:2      | Noticed Terence
  1532 | D:2      | Found an opulent altar of Gozag.
  1545 | D:2      | Gained mutation: Your natural rate of healing is unusually fast. [Vine Stalker growth]
  1545 | D:2      | Reached XP level 4. HP: 17/23 MP: 4/8
  2000 | D:3      | Learned a level 2 spell: Song of Slaying
  2004 | D:3      | Learned a level 3 spell: Regeneration
  2244 | D:3      | Reached skill level 1 in Necromancy
  2266 | D:3      | Noticed Robin
  2275 | D:3      | Reached XP level 5. HP: 18/26 MP: 2/9
  2292 | D:3      | Killed Robin
  2292 | D:3      | Reached skill level 4 in Charms
  2613 | D:3      | Found a bloodstained altar of Trog.
  2619 | D:3      | Noticed a wizard
  2624 | D:3      | Killed a wizard
  2989 | D:4      | Noticed an ogre
  2995 | D:4      | Mangled by an ogre

Skill      XL: |  1  2  3  4  5 |
---------------+----------------+-----
Armour         | 1 2 |  2.4
Dodging        | 1 |  1.1
Fighting       | 2 |  2.0
Short Blades   | 2 |  2.5
Necromancy     | 1 |  1.1
Charms         | 4 |  4.0
Spellcasting   | |  2.1

Action                   |  1- 3 |  4- 6 || total
-------------------------+-------+-------++-------
Melee: Short sword       |   110 |   104 ||   214
       Bite              |    19 |    26 ||    45
Throw: Tomahawk          |       |     2 ||     2
 Cast: Infusion          |     6 |     7 ||    13
  Use: Scroll            |       |     4 ||     4
  Eat: Chunk             |     2 |     5 ||     7
Armor: Leather armour    |    47 |    30 ||    77
Dodge: Dodged            |    78 |    66 ||   144
